 Dungeon Crawl Stone Soup version 0.31-a0-986-g5e6e4ef867 (webtiles) character file.

Game seed: 7460876207451418328

97 Hubris850 the Ducker (level 4, -6/22 HPs)
             Began as a Spriggan Artificer on Nov 15, 2023.
             Mangled by a worm (8 damage)
             ... on level 3 of the Dungeon.
             The game lasted 00:08:17 (2100 turns).

Hubris850 the Ducker (Spriggan Artificer)           Turns: 2100, Time: 00:08:18

Health: -6/22      AC:  3    Str:  8    XL:     4   Next: 42%
Magic:  5/5        EV: 19    Int: 12    God:
Gold:   101        SH:  0    Dex: 17    Spells: 3/3 levels left

rFire   + . .        a - +0 club
rCold   . . .        (no shield)
rNeg    . . .        b - +0 robe
rPois   .            (helmet restricted)
rElec   .            s - +0 cloak
rCorr   .            (gloves unavailable)
SInv    +            (boots unavailable)
Will    .....        (no amulet)
Stlth   +++          k - ring of protection from fire
HPRegen 0.23/turn    (no ring)
MPRegen 0.09/turn

%: no passive effects
@: very quick
A: very small, no large weapons, unfitting armour, see invisible, speed 3
a: no special abilities


You were on level 3 of the Dungeon.
You visited 1 branch of the dungeon, and saw 3 of its levels.

You collected 101 gold pieces.

Inventory:

Hand Weapons
 a - a +0 club (weapon)
 f - a +0 whip
 g - a +0 short sword
 h - a +0 dagger
 u - a +0 sling
Armour
 b - a +0 robe (worn)
 s - a +0 cloak (worn)
Jewellery
 k - a ring of protection from fire (left hand)
Wands
 c - a wand of flame (8) (quivered)
 d - a wand of charming (15)
 e - a wand of iceblast (5)
Scrolls
 i - a scroll of noise {unknown}
 l - 3 scrolls of poison {unknown}
 m - a scroll of fear {unknown}
 n - a scroll of enchant weapon {unknown}
 p - 2 scrolls of identify {unknown}
 q - 2 scrolls of revelation {unknown}
 t - a scroll of immolation {unknown}
Potions
 j - a potion of heal wounds {unknown}
 o - a potion of enlightenment {unknown}
 r - 2 potions of haste {unknown}


   Skills:
 - Level 1.2 Fighting
 + Level 4.7 Dodging
 + Level 4.3 Stealth
 - Level 4.5 Evocations


You had 3 spell levels left.
You didn't know any spells.
Your spell library contained the following spells:

 Spells                   Type           Power      Damage    Failure   Level
 Blink                    Tloc           0%         N/A       45%         2
 Tukima's Dance           Hex            0%         N/A       69%         3
 Dimensional Bullseye     Hex/Tloc       0%         N/A       97%         4
 Iskenderun's Mystic Bla  Conj/Tloc      0%         2d3       97%         4
 Manifold Assault         Tloc           0%         N/A       97%         4


Dungeon Overview and Level Annotations

Branches:
Dungeon (3/15)

Altars:
Fedhas


Innate Abilities, Weirdness & Mutations

You are very small and have problems with some larger weapons.
You are too small for most types of armour.
You have supernaturally acute eyesight. (SInv)
You cover ground extremely quickly. (Speed+++)


Message History

You shoot a sling bullet. The sling bullet hits the worm.
The worm is moderately wounded.
You shoot a sling bullet. The sling bullet hits the worm.
The worm is moderately wounded.
You shoot a sling bullet. The sling bullet hits the worm.
The worm is heavily wounded.
You shoot a sling bullet.
The sling bullet barely misses the worm.
You shoot a sling bullet. The sling bullet hits the worm.
The worm is severely wounded.
a - a +0 club (weapon)
The worm bites you!
You are too injured to fight recklessly!
You hit the worm. You punch the worm, but do no damage.
The worm is severely wounded.
You hit the worm.
The worm is almost dead.
The worm completely misses you.
You completely miss the worm.
The worm is severely wounded.
The worm misses you.
You barely miss the worm.
The worm is severely wounded.
The worm closely misses you.
You hit the worm.
The worm is almost dead.
The worm completely misses you.
You hit the worm.
The worm is almost dead.
You barely miss the worm.
The worm is almost dead.
The worm barely misses you.
You barely miss the worm.
The worm is severely wounded.
The worm bites you!
* * * LOW HITPOINT WARNING * * *
You hit the worm. You punch the worm, but do no damage.
The worm is almost dead.
The worm bites you!
You die...

#.. #.. #..
#.#########
########..........
#.......>...w..#
#.######.#######
#######...........#
#......@w..†......####
#.######.............#
#.............#
#######.##....#
#............# ♣
##.#####.#....# ♣
#........# ...# ♣
#..####### ..# ♣ #..#
#... .#


You could see a worm.

Vanquished Creatures
  4 adders (D:2)
  A worm (D:2)
  6 endoplasms
  3 giant cockroaches
  7 goblins
  3 hobgoblins
  4 jackals (D:2)
  2 quokkas (D:1)
  10 ball pythons
  4 bats
  3 frilled lizards
  4 kobolds
  5 rats
56 creatures vanquished.

Notes
Turn   | Place    | Note
-------+----------+-------------------------------------------
     0 | D:1      | Hubris850 the Spriggan Artificer began the quest for the
                  | Orb.
     0 | D:1      | Reached XP level 1. HP: 9/9 MP: 2/2
    58 | D:1      | Reached skill level 1 in Fighting
    92 | D:1      | Reached XP level 2. HP: 13/14 MP: 3/3
   470 | D:1      | Reached XP level 3. HP: 18/18 MP: 4/4
  1154 | D:2      | Reached XP level 4. HP: 22/22 MP: 5/5
  1948 | D:3      | Found a blossoming altar of Fedhas.
  2100 | D:3      | Mangled by a worm

Illustrated notes

Levels and vault maps discovered:
D:1:      scummos_arrival_simple_fountains, layout_rooms,
          minmay_shallow_snake_nest
D:2:      layout_loops_ring
D:3:      layout_basic, fedhas_altar_fruit_tree

Skill      XL: |  1  2  3  4 |
---------------+-------------+-----
Fighting       | 1 |  1.2
Stealth        | 2 3 4 |  4.3
Dodging        | 4 |  4.7
Evocations     | |  4.5

Action                     |  1- 3 |  4- 6 || total
---------------------------+-------+-------++-------
  Melee: Short sword       |    16 |       ||    16
         Whip              |     9 |       ||     9
         Dagger            |   186 |    65 ||   251
         Club              |       |     9 ||     9
         Punch             |       |     3 ||     3
   Fire: Sling             |       |     8 ||     8
  Evoke: Wand              |     7 |       ||     7
   Stab: Sleeping          |     7 |     5 ||    12
 Armour: Robe              |    58 |    19 ||    77
  Dodge: Dodged            |   184 |    55 ||   239

Table legend: (Time is in decaauts)
 A = Elapsed time spent in this place.
 B = Non-inter-level travel time spent in this place.
 C = Inter-level travel time spent in this place.
 D = Time resting spent in this place.
 E = Time spent auto-exploring this place.
 F = Levels seen in this place.
 G = Mean time per level.
                   A        B        C        D        E       F      G
               +--------+--------+--------+--------+--------+-----+--------+
         Total |   1564 |   1538 |     26 |    262 |    735 |   3 |  521.3 |
       Dungeon |   1564 |   1538 |     26 |    262 |    735 |   3 |  521.3 |
               +--------+--------+--------+--------+--------+-----+--------+

Top non-repeatable levels by time:
     D:2: 811 daAuts
     D:1: 485 daAuts
     D:3: 266 daAuts
